 Dungeon Crawl Stone Soup version 0.20.2-3-g29329e0561 (webtiles) character file.

134 Alfie the Skirmisher (level 5, -1/47 HPs)
             Began as a Hill Orc Fighter on Feb 22, 2024.
             Slain by an orc priest
             ... wielding a +0 flail
              (2 damage)
             ... on level 4 of the Dungeon.
             The game lasted 00:04:48 (2293 turns).

Alfie the Skirmisher (Hill Orc Fighter)             Turns: 2293, Time: 00:04:50

Health: -1/47      AC:  7    Str: 20    XL:     5   Next: 17%
Magic:  5/5        EV:  7    Int:  8    God:
Gold:   74         SH:  9    Dex: 10    Spells: 4/4 levels left

rFire    . . .     SeeInvis .   a - +0 rapier
rCold    . . .     Gourm    .   c - +0 shield
rNeg     . . .     Faith    .   b - +0 scale mail
rPois    .         Spirit   .   (no helmet)
rElec    .         Reflect  .   (no cloak)
rCorr    .         Harm     .   (no gloves)
MR       .....                  (no boots)
Stlth    ..........             (no amulet)
Regen    0.2/turn               (no ring)
MPRegen  0.1/turn               (no ring)

@: no status effects
A: no striking features
a: Convert to Beogh


You were on level 4 of the Dungeon.
You were not hungry.

You visited 1 branch of the dungeon, and saw 4 of its levels.

You collected 74 gold pieces.

Inventory:

Hand Weapons
 a - a +0 rapier (weapon)
Armour
 b - a +0 scale mail (worn)
 c - a +0 shield (worn)
Jewellery
 h - a +3 ring of dexterity {unknown}
Scrolls
 n - a scroll of immolation
 o - a scroll of teleportation {unknown}
 p - a scroll of remove curse {unknown}
 q - a scroll of fog {unknown}
Potions
 d - a potion of might
 e - a potion of magic {unknown}
 g - a potion of resistance {unknown}
 i - 2 potions of mutation {unknown}
 k - 2 potions of ambrosia {unknown}
 l - a potion of brilliance {unknown}
 m - a potion of haste {unknown}
 r - a potion of lignification {unknown}
Comestibles
 f - 3 bread rations


   Skills:
 + Level 4.4 Fighting
 + Level 3.0 Short Blades
 + Level 4.1 Armour
 + Level 0.1 Dodging
 + Level 0.3 Stealth
 + Level 4.4 Shields


You had 4 spell levels left.
You didn't know any spells.

Dungeon Overview and Level Annotations

Branches:
Dungeon (4/15)
 Temple: D:4-7

Altars:
Elyvilon
Zin
The Shining One


Message History

The orc priest is heavily wounded.
You block the orc priest's attack.
The orc priest moves out of view.
You closely miss the orc priest.
The orc priest is heavily wounded.
The orc priest calls down the wrath of Beogh upon you.
Beogh smites you!
* * * LOW HITPOINT WARNING * * *
You barely miss the orc priest.
The orc priest shouts, "Join the one true god or die!"
The orc priest is heavily wounded.
The orc priest shouts, "Surrender to Beogh and we'll let you live!"
The orc priest hits you but does no damage.
The orc wizard hits you but does no damage.
Your shield and scale mail prevent you from hitting the orc priest.
The orc priest is heavily wounded.
The orc priest calls down the wrath of Beogh upon you.
Beogh smites you!
* * * LOW HITPOINT WARNING * * *
You block the orc wizard's attack. The orc priest hits you with a flail.
You die...

##+#######
#........####o
#........$....
#.####.............
..........oo.......
#.#####o#...####' ...
..#o#...# #.# #.#@#...#
#.# #.#o#...#
.#.####.###.#.#...#..#
.................<.....
#.####.###.#.#...#.##.
#..........#...#...
#####.##.#####.###.#
##. ..^........# #.#
..# # ###....##.# #.#
.#


You could see 2 orc priests and an orc wizard.

Vanquished Creatures
  3 gnolls (D:2)
  4 adders
  2 worms
  A dart slug (D:1)
  3 leopard geckos
  An orc (D:4)
  3 giant cockroaches
  5 goblins
  9 hobgoblins
  14 kobolds
  7 bats
  A frilled lizard (D:2)
  7 rats
60 creatures vanquished.

Notes
Turn   | Place    | Note
-------+----------+-------------------------------------------
     0 | D:1      | Alfie the Hill Orc Fighter began the quest for the Orb.
     0 | D:1      | Reached XP level 1. HP: 19/19 MP: 1/1
   174 | D:1      | Reached XP level 2. HP: 26/27 MP: 2/2
   677 | D:1      | Reached XP level 3. HP: 33/33 MP: 3/3
  1013 | D:2      | Reached XP level 4. HP: 32/40 MP: 4/4
  1699 | D:3      | Found a faded altar of an unknown god.
  1807 | D:3      | Reached XP level 5. HP: 42/47 MP: 5/5
  1903 | D:3      | Found a glowing silver altar of Zin.
  1903 | D:3      | Found a white marble altar of Elyvilon.
  1904 | D:3      | Found a glowing golden altar of the Shining One.
  2293 | D:4      | HP: 1/47 [orc priest/divine providence (8)]
  2293 | D:4      | Slain by an orc priest

Skill      XL: |  1  2  3  4 |
---------------+-------------+-----
Fighting       | 4 |  4.4
Shields        | 4 |  4.4
Armour         | 4 |  4.1
Short Blades   | 3 |  3.0
Dodging        | |  0.1
Stealth        | |  0.3

Action                   |  1- 3 |  4- 6 || total
-------------------------+-------+-------++-------
Melee: Rapier            |   131 |   122 ||   253
  Use: Scroll            |       |     2 ||     2
  Eat: Bread ration      |     1 |       ||     1
Armor: Scale mail        |    73 |    46 ||   119
Dodge: Dodged            |    41 |    34 ||    75
Block: Shield            |    65 |    77 ||   142
